 Dungeon Crawl Stone Soup version 0.16-a0-3843-ged98c6c (webtiles) character file.

205 timbw the Chopper (level 5, 0/41 HPs)
             Began as a Demonspawn Berserker on Jan 30, 2015.
             Was a Believer of Trog.
             Slain by kroki's ghost (6 damage)
             ... on level 4 of the Dungeon.
             The game lasted 00:03:43 (582 turns).

timbw the Chopper (Demonspawn Berserker)             Turns: 582, Time: 00:03:43

Health: 0/41       AC:  5    Str: 19    XL:     5   Next: 52%
Magic:  0/5        EV: 11    Int:  8    God:    Trog [**....]
Gold:   108        SH:  0    Dex: 12    Spells: 0 memorised, 4 levels left

rFire  . . .     SeeInvis .     m - +0 battleaxe
rCold  . . .     Clarity  .     k - +0 ring mail
rNeg   + . .     SustAb   .     (no shield)
rPois  .         Gourm    .     (no helmet)
rElec  .         Spirit   +     (no cloak)
rCorr  .         Warding  .     (no gloves)
rMut   .         Stasis   .     (no boots)
MR     .....                    (no amulet)
Stlth  ..........               (no ring)
                                n - ring of positive energy

@: exhausted, slowed, very slow, not resistant to hostile enchantments,
extremely unstealthy
A: hooves 2, magic shield
a: Burn Spellbooks, Berserk, Trog's Hand, Renounce Religion


You were on level 4 of the Dungeon.
You worshipped Trog.
Trog was pleased with you.
You were hungry.

You visited 1 branch of the dungeon, and saw 5 of its levels.

You collected 108 gold pieces.

Inventory:

Hand weapons
 a - a +0 hand axe
 m - a +0 battleaxe (weapon)
Armour
 b - a +0 animal skin
 k - a +0 ring mail (worn)
Jewellery
 n - a ring of positive energy (left hand)
Scrolls
 e - 2 scrolls of teleportation {unknown}
 f - 2 scrolls of identify {unknown}
 i - a scroll of immolation {unknown}
Potions
 h - a potion of lignification {unknown}
 l - a potion of poison {unknown}
Comestibles
 c - a bread ration
 d - a royal jelly
 g - 2 meat rations
 j - a chunk of flesh


   Skills:
 - Level 3.0 Fighting
 + Level 5.7 Axes
 - Level 1.7 Armour
 - Level 1.7 Dodging


You had 4 spell levels left.
You didn't know any spells.

Dungeon Overview and Level Annotations

Branches:
Dungeon (5/15)
 Temple: D:4-7

Altars:
Yredelemnul

Annotations:
D:4 kroki's ghost, average OpFi
D:5 Dowan; Duvessa


Innate Abilities, Weirdness & Mutations

You have hoof-like feet.
When hurt, damage is shared between your health and your magic reserves.


Message History

Dowan gestures at you while chanting. The puff of frost hits you!
You are feeling hungry.
You climb upwards.
You hear the hiss of flowing sand.
There is an entrance to an ossuary on this level.
Hurry and find it before the portal is buried!
Level annotation: kroki's ghost, average OpFi Kroki's ghost hits you! x2
There is a stone staircase leading down, spattered with blood here.
Unknown command.
You feel the effects of Trog's Hand fading.
Kroki's ghost hits you but does no damage.
Kroki's ghost hits you!
* * * LOW HITPOINT WARNING * * *
Drink which item? (? for menu, Esc to quit)
Okay, then.
Your skin stops crawling.
You feel less resistant to hostile enchantments.
Kroki's ghost hits you!
You die...

#.........# ##.#.#
#.........# #.#...
#.........# #.#####
#....[.>..# ##'##
#.##....### ##...##
#.......# ##.....##
####....## ##.......##
####.#...####.........#
..........W@.'.....<...'.
####.#...####.........##
#.##.## ##.......##
#.#### ##.....## #..
##...## # ##+##


You could see kroki's ghost.

Vanquished Creatures
  Blork the orc (D:4)
  A scorpion (D:4)
  2 orc wizards (D:4)
  2 adders
  A giant gecko (D:3)
  An ooze (D:3)
  An orc (D:4)
  3 bats
  A hobgoblin (D:3)
  2 jackals (D:1)
  A ball python skeleton (D:4)
  3 giant newts
  A goblin (D:3)
  2 kobolds
  3 rats
25 creatures vanquished.

Notes
Turn   | Place    | Note
--------------------------------------------------------------
     0 | D:1      | timbw, the Demonspawn Berserker, began the quest for the Orb.
     0 | D:1      | Reached XP level 1. HP: 18/18 MP: 1/1
   175 | D:2      | Gained mutation: You have large cloven feet. [demonic ancestry]
   175 | D:2      | Reached XP level 2. HP: 24/24 MP: 2/2
   278 | D:3      | Acquired Trog's second power
   307 | D:3      | Found a basalt altar of Yredelemnul.
   340 | D:3      | Reached XP level 3. HP: 25/29 MP: 3/3
   382 | D:4      | Reached skill level 4 in Axes
   400 | D:4      | Gained mutation: When hurt, damage is shared between your health and your magic reserves. [demonic ancestry]
   400 | D:4      | Reached XP level 4. HP: 35/35 MP: 4/4
   521 | D:4      | Noticed a scorpion
   537 | D:4      | Noticed Blork the orc
   546 | D:4      | Killed Blork the orc
   546 | D:4      | Reached skill level 5 in Axes
   546 | D:4      | Gained mutation: You have hoof-like feet. [demonic ancestry]
   546 | D:4      | Reached XP level 5. HP: 41/41 MP: 5/5
   551 | D:4      | Killed a scorpion
   565 | D:4      | Noticed kroki's ghost (average OpFi)
   571 | D:5      | Entered Level 5 of the Dungeon
   571 | D:5      | Noticed Duvessa
   571 | D:5      | Noticed Dowan
   582 | D:4      | Slain by kroki's ghost

Action                   |  1- 3 |  4- 6 || total
-------------------------+-------+-------++-------
Melee: Hand axe          |    84 |    15 ||    99
Invok: Berserk           |     3 |     1 ||     4
       Trog's Hand       |     1 |     1 ||     2
  Eat: Chunk             |     1 |     2 ||     3
